 Dungeon Crawl Stone Soup version 0.27-a0-1149-g4505690ab0 (webtiles) character file.

Game seed: 17214838701008560704

301 bisexualwizard the Grave Robber (level 6, -4/57 HPs)
             Began as an Ogre Necromancer on May 12, 2021.
             Slain by an ogre
             ... wielding a +0 giant spiked club
              (16 damage)
             ... on level 6 of the Dungeon.
             The game lasted 00:21:54 (5071 turns).

bisexualwizard the Grave Robber (Ogre Necromancer)  Turns: 5071, Time: 00:21:55

Health: -4/57      AC:  3    Str: 15    XL:     6   Next: 37%
Magic:  8/11       EV: 10    Int: 16    God:
Gold:   171        SH:  0    Dex: 12    Spells: 7/12 levels left

rFire    + . .     SeeInvis .   j - +0 flail
rCold    . . .     Faith    .   (no shield)
rNeg     + . .     Spirit   .   a - +0 robe
rPois    .         Reflect  .   (helmet restricted)
rElec    .         Harm     .   (no cloak)
rCorr    .         Rampage  .   (gloves unavailable)
Will     +....                  (boots unavailable)
Stlth    ++........             (no amulet)
HPRegen  0.19/turn              e - ring "Xeck" {Fly rF+ rN+ Will+ Dex+3}
MPRegen  0.12/turn              (no ring)

@: flying
A: large, unfitting armour, tough skin 1
a: no special abilities


You were on level 6 of the Dungeon.
You visited 1 branch of the dungeon, and saw 5 of its levels.
You also visited: Ossuary.

You collected 171 gold pieces.

Inventory:

Hand Weapons
 b - a +0 rapier
 f - a +0 war axe
 j - a +0 flail (weapon)
Armour
 a - a +0 robe (worn)
Jewellery
 e - the ring "Xeck" (left hand) {Fly rF+ rN+ Will+ Dex+3}
   (You acquired it on level 4 of the Dungeon)

   [ring of flight]

   It affects your dexterity (+3).
   It protects you from fire.
   It protects you from negative energy.
   It grants you flight.
   It increases your willpower.
Scrolls
 g - a scroll of blinking


   Skills:
 + Level 1.9 Fighting
 - Level 0.8(1.5) Axes
 * Level 1.7(1.9) Maces & Flails
 + Level 2.0 Dodging
 + Level 1.7 Stealth
 + Level 3.9 Spellcasting
 * Level 5.3 Necromancy


You had 7 spell levels left.
You knew the following spells:

 Your Spells              Type           Power      Damage    Failure   Level
a - Pain                  Necr           80%        1d8       1%          1
b - Animate Skeleton      Necr           40%        N/A       1%          1
c - Vampiric Draining     Necr           10%        2d7       6%          3

Your spell library contained the following spells:

 Spells                   Type           Power      Damage    Failure   Level
 Shock                    Conj/Air       12%        1d3       17%         1
 Animate Dead             Necr           10%        N/A       19%         4
 Static Discharge         Conj/Air       3%         N/A       26%         2
 Swiftness                Air            3%         N/A       45%         3
 Agony                    Necr           20%        N/A       47%         5
 Airstrike                Air            1%         N/A       86%         4
 Lightning Bolt           Conj/Air       1%         1d12      99%         5


Dungeon Overview and Level Annotations

Branches:
Dungeon (4/15)            Ossuary (visited)
 Temple: D:4-7

Altars:
Fedhas


Innate Abilities, Weirdness & Mutations

You are too large for most types of armour.
You have tough skin. (AC +1)


Message History

The howler monkey zombie is almost destroyed.
The howler monkey zombie hits you.
You closely miss the howler monkey zombie.
The howler monkey zombie is almost destroyed.
You feel yourself slow down.
The howler monkey zombie barely misses you.
You hit the howler monkey zombie.
You destroy the howler monkey zombie!
Found 16 stones.
Found 11 gold pieces.
As you read the scroll labelled WUYMYO JESH, it crumbles to dust.
It is a scroll of amnesia.
Okay, then.
You barely miss the phantom. The phantom closely misses you.
As you read the scroll labelled RESOEG XAVID, it crumbles to dust.
It is a scroll of identify.
You don't have any unidentified items.
The phantom hits you.
You closely miss the phantom. The phantom hits you! The phantom hits you.
The phantom blinks!
You blink.
You are too injured to fight recklessly!
You hit the phantom.
The phantom is lightly damaged.
The phantom hits you.
The phantom blinks!
You blink.
The ogre closely misses you.
You thump the phantom!
The phantom is heavily damaged.
The phantom hits you.
* * * LOW HITPOINT WARNING * * *
The phantom blinks!
You blink.
The phantom hits you.
* * * LOW HITPOINT WARNING * * *
You closely miss the phantom.
The phantom is heavily damaged.
The phantom hits you.
* * * LOW HITPOINT WARNING * * *
You closely miss the phantom.
The phantom is heavily damaged.
The phantom hits you but does no damage.
The ogre hits you with a +0 giant spiked club!
You die...

### ### #.. ..#
#######.# #.#
........# #.#
#.......## #.#
#........###.##
#.............###
#......#.###....###
####..##.# #....@W#
..(...##.###....#O#
#####.#.........#.#
#...O.#..##..####.##
#O#####$.##....$#..#
#.#####..##.###.##.#
W).................#
.######..##.###....#
..Og...........#...#


You could see a phantom and an ogre.

Vanquished Creatures
  3 scorpions
  A howler monkey zombie (D:6)
  A gnoll (D:6)
  3 adders
  3 dart slugs
  3 orcs
  5 bats
  3 giant cockroaches
  9 hobgoblins
  8 jackals
  4 quokkas
  3 ball pythons (D:3)
  4 frilled lizards
  11 goblins
  A hobgoblin zombie (Ossuary)
  A kobold (D:1)
  A kobold zombie (Ossuary)
  An orc zombie (Ossuary)
  3 rats (D:1)
68 creatures vanquished.

Notes
Turn   | Place    | Note
-------+----------+-------------------------------------------
     0 | D:1      | bisexualwizard the Ogre Necromancer began the quest for the
                  | Orb.
     0 | D:1      | Reached XP level 1. HP: 16/16 MP: 3/3
   497 | D:1      | Reached XP level 2. HP: 20/24 MP: 0/5
   741 | D:1      | Reached skill level 4 in Necromancy
  1368 | D:1      | Reached skill level 1 in Fighting
  1492 | D:2      | Reached XP level 3. HP: 29/33 MP: 2/6
  2001 | D:2      | Learned a level 1 spell: Animate Skeleton
  2005 | D:2      | Learned a level 3 spell: Vampiric Draining
  2573 | D:2      | Reached XP level 4. HP: 38/41 MP: 4/8
  3872 | D:3      | Found a blossoming altar of Fedhas.
  4387 | D:4      | Found a sand-covered staircase.
  4402 | D:4      | Identified a scroll of acquirement
  4402 | D:4      | Acquired the ring "Xeck" {Fly rF+ rN+ Will+ Dex+3}
  4419 | Ossuary  | Entered an ossuary
  4426 | Ossuary  | Noticed a scorpion
  4444 | Ossuary  | Killed a scorpion
  4445 | Ossuary  | Reached skill level 5 in Necromancy
  4445 | Ossuary  | Reached XP level 5. HP: 10/48 MP: 0/10
  4561 | Ossuary  | Reached skill level 1 in Maces & Flails
  4943 | D:4      | Noticed an ogre
  4958 | D:4      | You are sucked into a shaft and drop 2 floors!
  4959 | D:6      | Noticed a phantom
  4967 | D:6      | Reached XP level 6. HP: 36/55 MP: 4/11
  5071 | D:6      | Slain by an ogre

Illustrated notes

Levels and vault maps discovered:
D:1:      lemuel_arrival_rhombus, layout_basic, hangedman_glass_teeth,
          minmay_tromino_v4_c
D:2:      layout_loops_corners, st_stairs_3
D:3:      layout_basic, fedhas_altar_2
D:4:      layout_loops_cross, lemuel_tele_altar, kennysheep_little_box,
          lemuel_doored_altar, minitemple, lemuel_crystal_altar,
          minmay_temple_entry_wispy, enter_ossuary_1, uniq_crazy_yiuf_cottage
D:6:      layout_basic, general_overflow_altar, serial_shops,
          kennysheep_mini_moat

Skill      XL: |  1  2  3  4  5 |
---------------+----------------+-----
Necromancy     | 4 5 |  5.3
Fighting       | 1 |  1.9
Spellcasting   | 3 |  3.9
Maces & Flails | 1 |  1.7
Dodging        | 2 |  2.0
Axes           | |  0.8
Stealth        | |  1.7

Action                   |  1- 3 |  4- 6 || total
-------------------------+-------+-------++-------
Melee: Rapier            |    19 |       ||    19
       War axe           |    16 |       ||    16
       Flail             |       |    65 ||    65
 Cast: Pain              |    71 |    44 ||   115
       Animate Skeleton  |     2 |    10 ||    12
       Vampiric Draining |       |     8 ||     8
  Use: Scroll            |     3 |     3 ||     6
       Potion            |     1 |     6 ||     7
 Stab: Sleeping          |     1 |       ||     1
Armor: Robe              |    18 |    28 ||    46
Dodge: Dodged            |    29 |    64 ||    93

Table legend: (Time is in decaauts)
 A = Elapsed time spent in this place.
 B = Non-inter-level travel time spent in this place.
 C = Inter-level travel time spent in this place.
 D = Time resting spent in this place.
 E = Time spent auto-exploring this place.
 F = Levels seen in this place.
 G = Mean time per level.
                   A        B        C        D        E       F      G
               +--------+--------+--------+--------+--------+-----+--------+
         Total |   5107 |   5023 |     84 |   2046 |   2243 |   6 |  851.2 |
       Dungeon |   4946 |   4862 |     84 |   1983 |   2221 |   5 |  989.2 |
       Ossuary |    160 |    160 |      0 |     63 |     22 |   1 |  160.0 |
               +--------+--------+--------+--------+--------+-----+--------+

Top non-repeatable levels by time:
     D:1: 1536 daAuts
     D:2: 1527 daAuts
     D:3: 1214 daAuts
     D:4: 569 daAuts
 Ossuary: 160 daAuts
     D:6: 98 daAuts
